cohdb
Replays
Latest Replays
All Replays
Popular Replays
Top Player Replays
Match Explorer
How It Works
Community
CoH3 Stats
Reddit
Sign in to upload your games and track your stats! →
Sign in with Steam
Match 39181518
Unlisted
Match 39181518
Overview
Messages
Build Orders
End
Construct Infanterie Kompanie
Grenadier Squad
MG 42 Machine Gun Team
GrW 34 Mortar Team
Construct Luftwaffe Kompanie
Selects Breakthrough Battlegroup
Selects Rapid Production
Jäger Squad
Medical Bunker
insane
ZELOT
UwU
The Governor
jeff
Arcade
화살소리
-BumbleBEE-
0
0
Comments
sign in to comment!
No comments posted yet!